Map: Central Protocol

Players

Lisandro

  • Race: Protoss Protoss
  • League: Grandmaster

Miszu - Winner!

  • Race: Terran Terran
  • League: Master

VOD

Have the link to the VOD?

Description

Time

  • Played on: March 22, 2016, 5:23 p.m.
  • Length: 3:26
Show
View Real Time Build Order
Export as new Build Order

Lisandro Protoss 

Build Orders: 1 Gate Expand 

Get SALT Encoding   

  12  0:01  Probe (Chrono Boost)  
  13  0:11  Probe (Chrono Boost)  
  14  0:22  Pylon, Probe (Chrono Boost)  
  15  0:40  Probe (Chrono Boost)  
  15  0:41  Gateway  
  16  0:44  Assimilator  
  16  0:50  Probe (Chrono Boost)  
  17  1:01  Probe (Chrono Boost)  
  18  1:12  Probe (Chrono Boost)  
  19  1:22  Probe (Chrono Boost)  
  20  1:28  Cybernetics Core  
  20  1:36  Nexus  
  20  1:44  Assimilator  
  20  1:46  Probe (Chrono Boost)  
  21  1:51  Zealot (Chrono Boost)  
  21  1:53  Gateway  
  23  1:57  Pylon  
  23  2:15  Mothership Core (Chrono Boost)  
  25  2:18  Adept  
  27  2:25  Gateway  
  27  2:35  Pylon  
  22  2:45  Adept (Chrono Boost)  
  22  2:48  Adept (Chrono Boost)  
  22  2:49  Probe  
  27  3:01  Probe  
  27  3:12  Pylon  
Show
View Real Time Build Order
Export as new Build Order

Miszu Terran - Winner!

Build Orders:  

Get SALT Encoding   

  12  0:00  SCV  
  13  0:12  SCV  
  14  0:18  Supply Depot  
  14  0:24  SCV  
  15  0:41  Barracks  
  15  0:53  Barracks  
  15  1:06  Barracks  
  15  1:29  Marine  
  15  1:30  Supply Depot  
  15  1:32  Barracks  
  16  1:40  Marine  
  16  1:41  Supply Depot  
  17  1:47  Marine  
  18  1:54  Marine  
  18  1:58  Marine  
  20  2:05  Marine  
  21  2:12  Marine  
  22  2:16  Marine  
  23  2:23  Bunker, Marine  
  23  2:27  Marine  
  24  2:30  Marine  
  24  2:44  Marine  
  24  2:45  Marine x2  
  24  2:48  Marine  
  28  2:58  Bunker  
  28  3:02  Marine  
  28  3:03  Marine x2  
  31  3:06  Marine  
Tags
 
Add a new tag
Caveats
  • Supply blocks, unpowered buildings, or Contaminate may cause inaccurate times.
  • Supply counts are checked every 10 seconds.